AoeStats
← Isaiahtoth43

Pilgrims

507647199Analyzed
3v3 RM · 12d ago on Sep 19, 2026· 60m 55s· 6 players
Game mode
Random Map
Map size
Normal (6 player)
Population
200
Speed
Normal
Resources
Standard
Victory
Conquest
Starting age
Dark Age
Ending age
Imperial Age
RankedLock teamsTeams togetherTeam positionsShared explorationLock speedFull tech treeHidden civsTurbo modeCheats
Victory
Defeat
🇦🇷 Japanese · Argentina
717
+15
🇨🇳 Koreans · China
686
+16
🇨🇱 Khmer · Chile
648
+17
🇺🇸 Portuguese · United States
706
-17
🇺🇸 Celts · United States
690
-16
🇺🇸 Goths · United States
668
-15
490751991
14:42 Feudal Age
16:19 Wheelbarrow
15:47 Horse Collar
18:19 Double-Bit Axe
18:35 Fishing Lines
24:20 Castle Age
25:07 Gillnets
25:32 Medium Warships
27:29 Light Cavalry
28:11 Husbandry
31:18 Heavy Plow
31:37 Bow Saw
35:18 Stone Mining
35:19 Gold Mining
39:00 Imperial Age
39:17 Thumb Ring
40:23 Squires
40:08 Arson
41:19 Stone Shaft Mining
41:21 Gold Shaft Mining
46:22 Hand Cart
45:55 Loom
55:49 Elite War Wagon
Cami Fer
10:59 Loom
14:47 Feudal Age
22:42 Castle Age
20:50 Gold Mining
22:20 Man-at-Arms
24:39 Wheelbarrow
24:01 Double-Bit Axe
26:47 Stone Mining
28:33 Stone Shaft Mining
28:43 Long Swordsman
29:36 Bow Saw
32:15 Husbandry
33:18 Pikeman
37:16 Fishing Lines
38:11 Hand Cart
42:55 Gold Shaft Mining
46:56 Imperial Age
45:40 Scale Mail Armor
45:46 Scale Barding Armor
45:51 Forging
45:32 Fletching
46:24 Horse Collar
48:57 Chemistry
48:20 Double Crossbow
50:14 Conscription
50:59 Heavy Scorpion
52:47 Iron Casting
52:27 Chain Mail Armor
52:14 Padded Archer Armor
52:51 Heavy Plow
52:52 Capped Ram
54:06 Siege Ram
56:32 Elite Cannon Galleon
59:21 Crop Rotation
Nahue
8:47 Loom
11:36 Feudal Age
15:06 Man-at-Arms
15:53 Horse Collar
25:09 Castle Age
26:26 Double-Bit Axe
27:02 Stone Mining
27:03 Gold Mining
29:55 Bow Saw
29:48 Heavy Plow
29:59 Long Swordsman
34:13 Gambesons
39:21 Imperial Age
38:45 Forging
38:35 Scale Mail Armor
40:10 Iron Casting
41:05 Wheelbarrow
41:16 Chain Mail Armor
42:16 Two-Man Saw
44:22 Blast Furnace
43:52 Plate Mail Armor
45:01 Conscription
45:34 Gold Shaft Mining
45:50 Elite Samurai
48:12 Fletching
47:49 Onager
BingBongBoi
4:13 Loom
12:41 Feudal Age
13:33 Double-Bit Axe
13:36 Horse Collar
13:44 Town Watch
14:37 Wheelbarrow
15:59 Fishing Lines
19:13 Castle Age
19:44 Gold Mining
19:44 Stone Mining
20:23 Bow Saw
23:12 Town Patrol
24:41 Medium Warships
26:23 Hand Cart
26:16 Heavy Plow
28:34 Fletching
28:51 Scale Barding Armor
28:50 Padded Archer Armor
30:26 Circumnavigation
31:21 Bodkin Arrow
31:43 Leather Archer Armor
31:50 Chain Barding Armor
31:31 Scale Mail Armor
32:46 Bloodlines
32:51 Husbandry
33:04 Arson
33:06 Gambesons
33:07 Light Cavalry
36:26 Forging
45:03 Imperial Age
44:04 Stone Shaft Mining
43:56 Caravan
46:00 Guard Tower
46:31 Ballistics
47:12 Chemistry
47:01 Capped Ram
48:24 Keep
48:11 Fortified Wall
48:12 Masonry
47:43 Treadmill Crane
49:10 Bracer
49:27 Chain Mail Armor
49:47 Plate Barding Armor
49:43 Ring Archer Armor
49:49 Iron Casting
49:40 Bombard Tower
50:42 Murder Holes
50:39 Heated Shot
52:50 Crossbowman
53:36 Thumb Ring
53:20 Arbalester
53:25 Elite Skirmisher
53:42 Man-at-Arms
53:43 Pikeman
55:07 Long Swordsman
59:07 Blast Furnace
58:37 Plate Mail Armor
57:35 Two-Handed Swordsman
Isaiahtoth43
10:56 Feudal Age
10:54 Loom
11:47 Double-Bit Axe
13:47 Horse Collar
14:37 Fishing Lines
16:09 Wheelbarrow
17:11 Gold Mining
21:49 Arson
21:26 Man-at-Arms
22:24 Forging
22:15 Scale Mail Armor
34:43 Castle Age
33:38 Town Watch
36:07 Gambesons
35:43 Long Swordsman
35:44 Pikeman
38:11 Bow Saw
38:43 Gold Shaft Mining
37:59 Stone Mining
41:07 Demolition Ship
44:05 Caravan
45:27 Iron Casting
45:08 Chain Mail Armor
44:58 Scale Barding Armor
44:54 Padded Archer Armor
45:13 Hand Cart
48:09 Heavy Plow
54:04 Leather Archer Armor
53:39 Fletching
57:29 Town Patrol
58:33 Crossbowman
Monzaman
15:30 Feudal Age
24:08 Castle Age
24:39 Stone Mining
24:59 Double-Bit Axe
24:59 Horse Collar
26:14 Pikeman
27:16 Heavy Plow
27:24 Squires
33:17 Anarchy
36:05 Scale Mail Armor
36:16 Forging
43:37 Chain Mail Armor
43:59 Iron Casting
44:35 Caravan
45:16 Wheelbarrow
50:14 Imperial Age
51:07 Elite Skirmisher
58:08 Halberdier
Connection lost

Rejoining the realm…

Still unreachable

The connection could not be restored.

Session expired

The server has moved on; the page needs a fresh start.